 Dungeon Crawl Stone Soup version 0.29-a0-557-g43b9904bd1 (webtiles) character file.

Game seed: 3524953433219038828

809 kae the Firebug (level 7, 0/50 HPs)
             Began as a Demigod Fire Elementalist on June 8, 2022.
             Slain by Pikel
             ... wielding a +0 whip of freezing
              (2 damage)
             ... on level 4 of the Dungeon.
             The game lasted 00:04:27 (6090 turns).

kae the Firebug (Demigod Fire Elementalist)         Turns: 6090, Time: 00:04:28

Health: 0/50       AC:  9    Str:  9    XL:     7   Next: 34%
Magic:  14/15      EV: 11    Int: 25    God:
Gold:   143        SH:  3    Dex: 14    Spells: 4/13 levels left

rFire   . . .      SeeInvis .   (no weapon)
rCold   . . .      Faith    .   h - +0 buckler
rNeg    . . .      Spirit   .   a - +0 robe
rPois   .          Reflect  .   (no helmet)
rElec   .          Harm     .   e - +1 cloak
rCorr   .          Rampage  .   (no gloves)
Will    .....                   d - +0 pair of boots
Stlth   ++........              (no amulet)
HPRegen 0.16/turn               i - +4 ring of protection
MPRegen 0.14/turn               l - ring of wizardry

@: no status effects
A: high MP 1, forlorn, divine attributes
a: no special abilities


You were on level 4 of the Dungeon.
You visited 1 branch of the dungeon, and saw 5 of its levels.

You collected 229 gold pieces.
You spent 86 gold pieces at shops.

Inventory:

Armour
 a - a +0 robe (worn)
 d - a +0 pair of boots (worn)
 e - a +1 cloak (worn)
 h - a +0 buckler (worn)
Jewellery
 i - a +4 ring of protection (left hand)
 l - a ring of wizardry (right hand)
Scrolls
 f - a scroll of noise
 j - a scroll of enchant armour
 o - 4 scrolls of vulnerability
Potions
 c - 2 potions of cancellation
 k - 3 potions of flight
 m - 3 potions of might


   Skills:
 - Level 1.7 Dodging
 - Level 1.7 Stealth
 + Level 3.6 Spellcasting
 * Level 4.9 Conjurations
 * Level 5.6 Fire Magic


You had 4 spell levels left.
You knew the following spells:

 Your Spells              Type           Power      Damage    Failure   Level
a - Foxfire               Conj/Fire      100%       2x1d9     1%          1
b - Scorch                Fire           64%        2d8       1%          2
c - Conjure Flame         Conj/Fire      30%        6-21      1%          3
d - Inner Flame           Hex/Fire       18%        N/A       4%          3

Your spell library contained the following spells:

 Spells                   Type           Power      Damage    Failure   Level
 Flame Wave               Conj/Fire      30%        2d8       6%          4
 Anguish                  Hex/Necr       2%         N/A       45%         4
 Enfeeble                 Hex            2%         N/A       100%        7


Dungeon Overview and Level Annotations

Branches:
Dungeon (5/15)
 Temple: D:4-7

Shops:
D:5 *

Annotations:
D:4 Pikel


Innate Abilities, Weirdness & Mutations

You have an increased reservoir of magic. (+10% MP)
You shall have no god before yourself.
Your divine heritage dramatically boosts your attributes as you level up.


Message History

Casting: Scorch (safe; 1% risk of failure)
Confirm with . or Enter, or press ? or * to list all spells.
Flames lash Pikel.
Pikel is heavily wounded.
Pikel's fire resistance burns away.
Pikel hits you with a +0 whip of freezing.
* * * LOW HITPOINT WARNING * * *
Pikel freezes you.
* * * LOW HITPOINT WARNING * * *
Pikel hits you but does no damage.
Okay, then.
Okay, then.
Casting: Scorch (safe; 1% risk of failure)
Confirm with . or Enter, or press ? or * to list all spells.
Flames lash Pikel.
Pikel is burned terribly!
Pikel is severely wounded.
Pikel drinks a potion.
Pikel is healed!
Pikel hits you with a +0 whip of freezing.
* * * LOW HITPOINT WARNING * * *
Pikel freezes you.
* * * LOW HITPOINT WARNING * * *
Casting: Scorch (safe; 1% risk of failure)
Confirm with . or Enter, or press ? or * to list all spells.
Flames lash Pikel.
Pikel is burned terribly!
Pikel is lightly wounded.
You block Pikel's attack. Pikel closely misses you.
Okay, then.
Okay, then.
You aren't carrying any items that you can evoke.
Unknown command.
Okay, then.
Okay, then.
Magic courses through your body. Pikel barely misses you.
Casting: Scorch (safe; 1% risk of failure)
Confirm with . or Enter, or press ? or * to list all spells.
Flames lash Pikel.
Pikel is burned terribly!
Pikel is heavily wounded.
Pikel hits you with a +0 whip of freezing.
You die...

#.# #.# #.#########.####### #.#
#.# #.#.........# #.# #.#
#.#.#######.# #.# #.# ###.#.#####
#.# #.## #.# #.........###.#
##### ...# #.#
#.#.#.##...##.#####.... ...# #.#
#.#.#.##............### #..## #.#
#.#.#K##........##### ##..# #.#
#.#.#.@........## #..# #.#
#.#.#########.## ##..# #.###.#.##
#.# ....# #........# #.# ###.#
#........# ##'## #.#
#........#### ##...## ###.#
#...........###....<## # ..#.#
#.♣♣♣♣♣♣♣♣♣.##.......## ##
..#.###...........#.........####.


You could see Pikel (combustible).

Vanquished Creatures
  Sigmund (D:2)
  2 phantoms
  A lemure (D:4)
  2 scorpions
  A necrophage (D:4)
  2 hounds
  Jessica (D:2)
  Natasha (thrice) (D:4)
  Robin (D:2)
  3 gnolls (D:2)
  An adder (D:4)
  An ufetubus (D:4)
  5 worms
  2 dart slugs
  8 orcs
  5 ball pythons
  9 endoplasms
  6 giant cockroaches
  17 goblins
  6 hobgoblins
  3 jackals (D:2)
  3 quokkas
  4 bats
  5 kobolds
  7 rats
99 creatures vanquished.

Vanquished Creatures (others)
  339 foxfires
  2 plants (D:4)
341 creatures vanquished.

Grand Total: 440 creatures vanquished

Notes
Turn   | Place    | Note
-------+----------+-------------------------------------------
     0 | D:1      | kae the Demigod Fire Elementalist began the quest for the
                  | Orb.
     0 | D:1      | Reached XP level 1. HP: 14/14 MP: 5/5
    34 | D:1      | Reached skill level 1 in Conjurations
   571 | D:1      | Reached skill level 3 in Fire Magic
   571 | D:1      | Reached XP level 2. HP: 20/20 MP: 4/7
   652 | D:1      | Learned a level 2 spell: Scorch
  1674 | D:2      | Reached XP level 3. HP: 26/26 MP: 5/8
  1678 | D:2      | Learned a level 3 spell: Conjure Flame
  2037 | D:2      | Noticed Robin
  2077 | D:2      | Killed Robin
  2546 | D:2      | Noticed Sigmund
  3117 | D:2      | Noticed Jessica
  3134 | D:2      | Killed Jessica
  3135 | D:2      | Reached XP level 4. HP: 25/33 MP: 1/10
  3804 | D:2      | Reached skill level 4 in Fire Magic
  3818 | D:2      | HP: 1/33 [Sigmund/+0 scythe (2)]
  3830 | D:2      | Killed Sigmund
  3831 | D:2      | Reached XP level 5. HP: 10/38 MP: 9/12
  4080 | D:2      | Reached XP level 6. HP: 34/45 MP: 6/13
  4431 | D:3      | Learned a level 3 spell: Inner Flame
  5105 | D:4      | Noticed Natasha
  5111 | D:4      | Killed Natasha
  5112 | D:4      | Reached skill level 5 in Fire Magic
  5138 | D:4      | Noticed Natasha
  5141 | D:4      | Killed Natasha
  5498 | D:4      | Noticed Natasha
  5514 | D:4      | Killed Natasha
  5687 | D:4      | Reached XP level 7. HP: 50/50 MP: 8/15
  5863 | D:5      | Entered Level 5 of the Dungeon
  5863 | D:5      | Found Feagaross's Assorted Antiques.
  6038 | D:5      | Bought a dark potion for 20 gold pieces
  6038 | D:5      | Bought a dark potion for 20 gold pieces
  6038 | D:5      | Bought a scroll of identify for 46 gold pieces
  6051 | D:5      | Noticed Pikel
  6085 | D:4      | HP: 1/50 [Pikel/+0 whip of freezing (3)]
  6090 | D:4      | Slain by Pikel

Illustrated notes

Levels and vault maps discovered:
D:1:      spicycebolla_arrival_xxxplode, layout_loops_ring,
          ebering_dispersal_statue_hall, dreamdust_princess_corridor
D:2:      layout_loops_cross, basic_altar, nicolae_wormholes, uniq_jessica,
          uniq_robin, uniq_sigmund
D:3:      layout_loops_ring
D:4:      layout_loops_corners, serial_forest, infiniplex_forest_lined_1,
          infiniplex_forest_straight_1, infiniplex_forest_straight_3,
          infiniplex_forest_end_2, infiniplex_forest_lined_3, uniq_natasha
D:5:      layout_gridville, okawaru_altar_gauntlet_db,
          minmay_temple_entry_from_below_b, serial_shops, shop, shop_coins,
          nicolae_shop_statue_plus, uniq_pikel

Skill      XL: |  1  2  3  4  5  6 |
---------------+-------------------+-----
Conjurations   | 1 2 3 4 |  4.9
Fire Magic     | 3 4 5 |  5.6
Spellcasting   | 2 3 |  3.6
Dodging        | |  1.7
Stealth        | |  1.7

Action                   |  1- 3 |  4- 6 |  7- 9 || total
-------------------------+-------+-------+-------++-------
Melee: Unarmed           |    29 |       |       ||    29
 Cast: Foxfire           |   108 |    75 |    17 ||   200
       Scorch            |    12 |    21 |    11 ||    44
  Use: Scroll            |     6 |     1 |     2 ||     9
       Potion            |       |     9 |     1 ||    10
Armor: Robe              |    19 |    10 |    15 ||    44
Dodge: Dodged            |    53 |    30 |    11 ||    94
Block: Buckler           |       |     5 |     7 ||    12

Table legend: (Time is in decaauts)
 A = Elapsed time spent in this place.
 B = Non-inter-level travel time spent in this place.
 C = Inter-level travel time spent in this place.
 D = Time resting spent in this place.
 E = Time spent auto-exploring this place.
 F = Levels seen in this place.
 G = Mean time per level.
                   A        B        C        D        E       F      G
               +--------+--------+--------+--------+--------+-----+--------+
         Total |   6105 |   5860 |    245 |     93 |   4882 |   5 | 1221.0 |
       Dungeon |   6105 |   5860 |    245 |     93 |   4882 |   5 | 1221.0 |
               +--------+--------+--------+--------+--------+-----+--------+

Top non-repeatable levels by time:
     D:2: 2232 daAuts
     D:1: 1425 daAuts
     D:4: 1422 daAuts
     D:3: 815 daAuts
     D:5: 209 daAuts
